 Dungeon Sprint DCSS version 0.30.1-11-g7821555f0a (webtiles) character file.

Game seed: 12143632317610261471

42 Heoruswealwe the Poker (level 3, 0/36 HPs)
             Began as a Minotaur Fighter on Nov 3, 2023.
             Was an Initiate of Gozag.
             Slain by an iguana (9 damage)
             ... in the Dungeon (Sprint IX: "|||||||||||||||||||||||||||||").
             The game lasted 00:00:52 (56 turns).

Heoruswealwe the Poker (Minotaur Fighter)             Turns: 56, Time: 00:00:52

Health: 0/36       AC:  7    Str: 22    XL:     3   Next: 35%
Magic:  2/2        EV:  9    Int:  5    God:    Gozag
Gold:   0          SH:  4    Dex:  9    Spells: 2/2 levels left

rFire   . . .        a - +0 trident
rCold   . . .        d - +0 buckler
rNeg    . . .        c - +0 scale mail
rPois   .            (helmet restricted)
rElec   .            (no cloak)
rCorr   .            (no gloves)
SInv    .            (no boots)
Will    .....        (no amulet) Stlth
                     (no ring)
HPRegen 0.26/turn    (no ring)
MPRegen 0.08/turn

%: no teleportation
@: no status effects
A: horns 2, retaliatory headbutt
a: Renounce Religion, Potion Petition, Call Merchant, Bribe Branch


You were in the Dungeon.
You worshipped Gozag.
Gozag was noncommittal.
You visited 1 branch

Inventory:

Hand Weapons
 a - a +0 trident (weapon)
Armour
 c - a +0 scale mail (worn)
 d - a +0 buckler (worn)
Potions
 b - a potion of might
 e - a potion of curing
 f - a potion of heal wounds
 g - a potion of haste
 i - a potion of berserk rage


   Skills:
 + Level 5.4 Fighting
 * Level 6.1 Polearms
 + Level 5.3 Armour
 - Level 3.6 Shields


You had 2 spell levels left.
You didn't know any spells.
Your spell library was empty.

Dungeon Overview and Level Annotations

Branches:
Dungeon (1/1)

Altars:
Cheibriados
Dithmenos
Elyvilon
Fedhas
Gozag
Hepliaklqana
Kikubaaqudgha
Makhleb
Nemelex Xobeh
Okawaru
Jiyva
Lugonu


Innate Abilities, Weirdness & Mutations

You have a pair of horns on your head.
You reflexively headbutt those who attack you in melee.


Message History

You closely miss the white imp.
The white imp hits you but does no damage.
You hit the white imp.
The white imp is lightly wounded.
The white imp hits you but does no damage.
You puncture the white imp!
The white imp is almost dead.
The white imp gestures at you.
The puff of frost hits you but does no damage.
You barely miss the white imp. Your headbutt misses the white imp.
The white imp is severely wounded.
The iguana is distracted by your dazzling golden aura.
The white imp hits you but does no damage.
You closely miss the white imp.
The iguana hisses angrily.
Your headbutt misses the white imp.
The white imp is severely wounded.
The white imp gestures at you. The puff of frost hits you.
You puncture the white imp!
You kill the white imp!
The iguana is no longer distracted by gold.
The adder is distracted by your dazzling golden aura.
Your Polearms skill increases to level 6!
You hit the iguana but do no damage.
The adder is no longer distracted by gold.
You block the iguana's attack.
You hit the iguana but do no damage. The iguana bites you.
You hit the iguana.
The iguana is moderately wounded.
The iguana bites you!
* * * LOW HITPOINT WARNING * * *
You closely miss the iguana. You headbutt the iguana!
The iguana is almost dead.
You block the iguana's attack.
You closely miss the iguana. Your headbutt misses the iguana.
The iguana is almost dead.
The iguana bites you!
You die...
Your body crumbles into a pile of gold. ▓▓▓▓▓▓▓▓▓▓▓▓▓▓▓▓▓▓▓▓▓▓▓▓ ....'S....'__Sll@_______ ▓▓▓▓▓▓▓▓▓▓▓▓▓▓▓▓▓▓▓▓▓▓▓▓ $ $$$$$$$$$$$$$ $$$$$$$$$$$

You could see 2 iguanas and an adder.

Vanquished Creatures
  A hound (D)
  A white imp (D)
  A hobgoblin (D)
  3 bats (D)
  A rat (D)
7 creatures vanquished.

Notes
Turn   | Place    | Note
-------+----------+-------------------------------------------
     0 | D        | Heoruswealwe the Minotaur Fighter began the quest for the
                  | Orb.
     0 | D        | Reached XP level 1. HP: 19/19 MP: 0/0
    11 | D        | Reached skill level 3 in Polearms
    22 | D        | Noticed an iguana
    22 | D        | Noticed an iguana
    22 | D        | Noticed a hound
    26 | D        | Found a snail-covered altar of Cheibriados.
    26 | D        | Found a shadowy altar of Dithmenos.
    26 | D        | Found a white marble altar of Elyvilon.
    26 | D        | Found a blossoming altar of Fedhas.
    26 | D        | Found an opulent altar of Gozag.
    27 | D        | Found a hazy altar of Hepliaklqana.
    28 | D        | Found a viscous altar of Jiyva.
    29 | D        | Found an ancient bone altar of Kikubaaqudgha.
    30 | D        | Found a corrupted altar of Lugonu.
    31 | D        | Found a burning altar of Makhleb.
    32 | D        | Found a sparkling altar of Nemelex Xobeh.
    33 | D        | Found an iron altar of Okawaru.
    34 | D        | Became a worshipper of Gozag Ym Sagoz the Greedy
    45 | D        | Killed a hound
    46 | D        | Reached skill level 5 in Fighting
    46 | D        | Reached skill level 5 in Polearms
    46 | D        | Reached skill level 5 in Armour
    46 | D        | Reached XP level 2. HP: 19/29 MP: 1/1
    46 | D        | Reached XP level 3. HP: 24/36 MP: 2/2
    52 | D        | Reached skill level 6 in Polearms
    56 | D        | Slain by an iguana

Illustrated notes

Levels and vault maps discovered:
D:        linesprint [early_d, line_temple, items_1, d_10, items_2, lair_1,
          lair_end, items_3, orc_1, orc_end, items_4, d_15, swamp_1, shoals_1,
          snake_1, spider_1, d_20, vaults_1, items_5, swamp_end, shoals_end,
          snake_end, spider_end, vaults_end, d_27, items_6, zot_1, zot_end,
          crypt_end, forest_end, elf_end, slime_end, tomb_end, abyss_end,
          pan_hell_end]

Skill      XL: |  1  2  3 |
---------------+----------+-----
Polearms       | 5 6 |  6.1
Fighting       | 5 |  5.4
Armour         | 5 |  5.3
Shields        | |  3.6

Action                     || total
---------------------------++-------
  Melee: Trident           ||    33
         Headbutt          ||     3
    Use: Scroll            ||     1
 Armour: Scale mail        ||    21
  Dodge: Dodged            ||    15
  Block: Buckler           ||     9
